 Dungeon Crawl Stone Soup version 0.14-a0-2730-g72a2965 (webtiles) character file.

226 HollowCharge the Gusty (level 4, -8/24 HPs)
             Began as a Tengu Air Elementalist on Feb 20, 2014.
             Killed from afar by Sigmund (9 damage)
             ... with a magic dart
             ... on Level 3 of the Dungeon.
             The game lasted 00:13:22 (2330 turns).

HollowCharge the Gusty (Tengu Air Elementalist)     Turns: 2330, Time: 00:13:23

HP  -8/24        AC  3     Str  8      XL: 4   Next: 96%
MP   5/10        EV 12     Int 16      God:
Gold 113         SH  0     Dex 15      Spells:  3 memorised,  4 levels left

rFire  . . .     SeeInvis .     l - -1,+3 orc dagger (speed)
rCold  . . .     Clarity  .     B - +1 elf robe
rNeg   . . .     Conserve .     (no shield)
rPois  .         rCorr    .     (helmet restricted)
rElec  .         rRot     .     (no cloak)
SustAb . .       Spirit   .     (no gloves)
rMut   .         Warding  .     (boots unavailable)
Saprov . . .     Stasis   .     (no amulet)
MR     .....                    (no ring)
                                (no ring)

@: very slightly contaminated, not resistant to hostile enchantments, fairly
stealthy
A: beak, talons 3
a: no special abilities


You were on level 3 of the Dungeon.
You were not hungry.

You visited 1 branch of the dungeon, and saw 3 of its levels.

You collected 113 gold pieces.

Inventory:

Hand weapons
 l - a -1,+3 orcish dagger of speed (weapon)
 C - a +0,+1 orcish dagger
Armour
 B - a +1 elven robe (worn)
Comestibles
 a - a chunk of adder flesh
 c - 6 bread rations
 g - 2 meat rations
 m - a snozzcumber
 w - a rotting chunk of rat flesh
 x - a pear
 E - 3 chunks of orc flesh
Scrolls
 d - a scroll of noise {unknown}
 e - a scroll of curse jewellery {unknown}
 f - 3 scrolls of random uselessness {unknown}
 h - a scroll of remove curse {unknown}
 o - 2 scrolls of identify {unknown}
 r - a scroll of fog {unknown}
 s - a scroll of amnesia {unknown}
 t - 2 scrolls of fear {unknown}
 z - a scroll of enchant weapon II {unknown}
 A - 3 scrolls of teleportation {unknown}
Jewellery
 y - an uncursed amulet of the gourmand {unknown}
Potions
 i - a potion of paralysis {unknown}
 j - a potion of might {unknown}
 k - 3 potions of curing {unknown}
 n - a potion of restore abilities {unknown}
 p - a potion of magic {unknown}
 q - a potion of resistance {unknown}
 u - a potion of confusion {unknown}
 v - 2 potions of speed {unknown}
Books
 b - a book of Air

   Spells                             Type                      Level
   *Shock                             Conjuration/Air              1
   *Swiftness                         Charms/Air                   2
   *Repel Missiles                    Charms/Air                   2
   Flight                             Charms/Air                   3
   Static Discharge                   Conjuration/Air              3
   Lightning Bolt                     Conjuration/Air              5


   Skills:
 - Level 2.1 Dodging
 - Level 2.0 Stealth
 + Level 3.0 Spellcasting
 + Level 3.5 Conjurations
 + Level 5.4 Air Magic


You had 4 spell levels left.
You knew the following spells:

 Your Spells              Type           Power        Failure   Level  Hunger
a - Shock                 Conj/Air       ###.         3%          1    #......
b - Swiftness             Chrm/Air       ##......     12%         2    ##.....
c - Repel Missiles        Chrm/Air       ##....       12%         2    ##.....


Dungeon Overview and Level Annotations

Branches:
Dungeon (3/16)

Altars:
Ashenzari
Okawaru
The Shining One

Annotations:
D:3 Sigmund


Innate Abilities, Weirdness & Mutations

You have a beak for a mouth.
You have claws for feet.


Message History

The zap hits something.
The kobold closely misses you.
Casting: Shock
Confirm with . or Enter, or press ? or * to list all spells.
Aiming: Shock
Press: ? - help, Shift-Dir - straight line, f/p - kobold
Aim: a kobold, wielding a dagger (heavily wounded)
The zap hits the kobold.
You kill the kobold!
The magic dart hits you!
* * * LOW HITPOINT WARNING * * *
Casting: Shock
Confirm with . or Enter, or press ? or * to list all spells.
You can't see any susceptible monsters within range! (Use Z to cast anyway.) Unknown command.
Casting: Shock
Confirm with . or Enter, or press ? or * to list all spells.
You can't see any susceptible monsters within range! (Use Z to cast anyway.) Unknown command.
The magic dart hits you!
You die...

#########....#######.# ###
#.......[.)..# ##.### #..
#..[...####### #....# #..
#......# #....# #.. #......#
#....# #.. #......#
#####....####### #......#
#...............
####.##########...#...........
#.#.....).@................
#.#.....######.............
#.#..... ###....#######
#.###### #....# #.# ###### #.#
#%# ########### #.#
#.........############# #.#
#.......)..............


There were no monsters in sight!

Vanquished Creatures
  2 adders (D:3)
  2 worms (D:2)
  2 giant mites
  4 giant geckos
  An ooze (D:2)
  3 orcs
  4 ball pythons
  7 hobgoblins
  7 jackals
  6 kobolds
  8 bats
  2 giant cockroaches (D:3)
  3 giant newts (D:1)
  8 goblins
  9 rats
68 creatures vanquished.

Notes
Turn   | Place    | Note
--------------------------------------------------------------
     0 | D:1      | HollowCharge, the Tengu Air Elementalist, began the quest for the Orb.
     0 | D:1      | Reached XP level 1. HP: 10/10 MP: 3/3
   124 | D:1      | Reached XP level 2. HP: 15/15 MP: 5/5
   456 | D:1      | Reached XP level 3. HP: 19/19 MP: 4/7
   852 | D:2      | Found a shattered altar of Ashenzari.
  1435 | D:2      | Reached XP level 4. HP: 24/24 MP: 9/9
  1508 | D:2      | Found an iron altar of Okawaru.
  1672 | D:2      | Learned a level 2 spell: Swiftness
  1711 | D:2      | Reached skill level 5 in Air Magic
  1902 | D:2      | Learned a level 2 spell: Repel Missiles
  1999 | D:3      | Found a glowing golden altar of the Shining One.
  2319 | D:3      | Noticed Sigmund
  2329 | D:3      | HP: 1/24 [something/magic dart (8)]
  2330 | D:3      | Killed from afar by Sigmund

Action                   |  1- 3 |  4- 6 || total
-------------------------+-------+-------++-------
Melee: Unarmed           |     9 |       ||     9
       Dagger            |    23 |    15 ||    38
 Cast: Shock             |    58 |    42 ||   100
 Stab: Sleeping          |     2 |       ||     2
